 Dungeon Crawl Stone Soup version 0.28-a0-382-g33c4956463 (webtiles) character file.

Game seed: 11559752596112542600

2336 GordonOverkill the Reanimator (level 9, -5/58 HPs)
             Began as a Felid Necromancer on Sept 2, 2021.
             Was an Initiate of Vehumet.
             Slain by a manticore (9 damage)
             ... on level 7 of the Dungeon.
             The game lasted 00:22:21 (15690 turns).

GordonOverkill the Reanimator (Felid Necromancer)  Turns: 15690, Time: 00:22:21

Health: -5/58      AC: 24    Str:  4    XL:     9   Next: 19%
Magic:  11/19      EV:  4    Int: 19    God:    Vehumet [......]
Gold:   264        SH:  0    Dex: 17    Spells: 11/20 levels left
                                        Lives:  0   Deaths: 2

rFire   . . .      SeeInvis +     - Unarmed
rCold   . . .      Faith    .   (shield unavailable)
rNeg    + + +      Spirit   .   (armour unavailable)
rPois   +          Reflect  .   (helmet unavailable)
rElec   .          Harm     .   (cloak unavailable)
rCorr   .          Rampage  .   (gloves unavailable)
Will    +....      NoTele   +   (boots unavailable)
Stlth   +++.......              (no amulet)
HPRegen 0.19/turn               (no ring)
MPRegen 0.16/turn               (no ring)

@: tree-form (expiring), spiked
A: stationary, stasis, torment immunity, boosted hp, very small, (claws 1),
(fangs 3), see invisible, (speed 1), (shaggy fur 2), (stealthy paws), no weapons
or thrown items, no armour, multi-lived
a: Renounce Religion


You were on level 7 of the Dungeon.
You worshipped Vehumet.
Vehumet was noncommittal.
You were a tree.
You visited 2 branches of the dungeon, and saw 8 of its levels.

You collected 264 gold pieces.

Inventory:

Wands
 l - a wand of charming (1)
Scrolls
 b - 2 scrolls of teleportation
 c - a scroll of holy word
 e - a scroll of acquirement {unknown}
 f - a scroll of magic mapping
 i - a scroll of vulnerability
Potions
 a - a potion of haste
 d - a potion of flight
 h - a potion of mutation
 j - a potion of ambrosia


   Skills:
 - Level 4.0 Fighting
 - Level 4.0 Dodging
 - Level 4.0 Stealth
 - Level 2.0 Unarmed Combat
 + Level 6.2 Spellcasting
 + Level 8.9 Necromancy
 + Level 6.2 Earth Magic


You had 11 spell levels left.
You knew the following spells:

 Your Spells              Type           Power      Damage    Failure   Level
a - Pain                  Necr           100%       1d9       1%          1
b - Vampiric Draining     Necr           19%        2d8       1%          3
c - Borgnjor's Vile Clut  Necr/Erth      17%        N/A       14%         5

Your spell library contained the following spells:

 Spells                   Type           Power      Damage    Failure   Level
 Animate Skeleton         Necr           78%        N/A       1%          1
 Sublimation of Blood     Necr           19%        N/A       1%          2
 Animate Dead             Necr           19%        N/A       2%          4
 Agony                    Necr           39%        N/A       8%          5
 Petrify                  Tmut/Erth      17%        N/A       30%         4
 Death Channel            Necr           19%        N/A       38%         6
 Irradiate                Conj/Tmut      2%         3d14      97%         5
 Infestation              Necr           19%        N/A       100%        8


Dungeon Overview and Level Annotations

Branches:
Dungeon (7/15)             Temple (1/1) D:7

Altars:
Cheibriados
Dithmenos
Elyvilon
Fedhas
Gozag
Hepliaklqana
Kikubaaqudgha
Makhleb
Nemelex Xobeh
Ru
Trog
Uskayaw
Vehumet
Xom
Yredelemnul
Zin
The Shining One

Shops:
D:4 *

Annotations:
D:4 2 transporters
D:6 2 runed translucent doors, YoMomma's ghost, novice FoFi


Innate Abilities, Weirdness & Mutations

You are a tree.
Your roots penetrate the ground, keeping you stationary.
You cannot be teleported.
You are immune to unholy pain and torment.
Your maximum health is greatly increased.
((You have sharp claws.))
((You have razor-sharp teeth.))
You have supernaturally acute eyesight. (SInv)
((You cover ground quickly. (Speed+)))
((You are covered in thick fur. (AC +2)))
((Your paws help you pounce on unaware monsters.))
You are incapable of wielding weapons or throwing items.
You cannot wear armour.
You gain extra lives every three experience levels.


Message History

The manticore claws you but does no damage.
Casting: Borgnjor's Vile Clutch (quite dangerous; 14% risk of failure)
Confirm with . or Enter, or press ? or * to list all spells.
The spell is quite dangerous to cast (14% risk of failure)!
Continue anyway? [Y]es or [N]o only, please.
The spell is quite dangerous to cast (14% risk of failure)!
Continue anyway? [Y]es or [N]o only, please.
The spell is quite dangerous to cast (14% risk of failure)!
Continue anyway?
Okay, then.
Casting: Borgnjor's Vile Clutch (quite dangerous; 14% risk of failure)
Confirm with . or Enter, or press ? or * to list all spells.
The spell is quite dangerous to cast (14% risk of failure)!
Continue anyway? [Y]es or [N]o only, please.
The spell is quite dangerous to cast (14% risk of failure)!
Continue anyway?
Aiming: Borgnjor's Vile Clutch (quite dangerous; 14% risk of failure)
Press: ? - help, Shift-Dir - straight line, f - orc, p - jelly
Aim: an orc, wielding a +0 rapier, wearing a +0 leather armour and carrying a wand of polymorph (10) (berserk, 100% to hit)
Zombie hands grab the manticore.
The jelly is unaffected.
Zombie hands grab the orc.
The zombie hands constrict the manticore.
The zombie hands constrict the orc!
The orc rages.
The manticore bites you but does no damage.
The manticore claws you.
* * * LOW HITPOINT WARNING * * *
The manticore barely misses you.
Casting: Borgnjor's Vile Clutch (quite dangerous; 14% risk of failure)
Confirm with . or Enter, or press ? or * to list all spells.
Aiming: Vampiric Draining (safe; 1% risk of failure)
Press: ? - help, Shift-Dir - straight line, f - manticore, p - orc
Aim: a manticore (severely wounded, constricted by zombie hands)
You draw life force from the manticore.
You feel life coursing into your body.
The zombie hands constrict the manticore.
The zombie hands constrict the orc!
You kill the orc!
Vehumet accepts your kill.
The manticore bites you but does no damage.
The manticore claws you!
You die...

... ... ... .(..
..## ##...# ..$
$....# #####
..#....###.....
....###...## ####)#
#.<....# ####.HJK#
#.y..#...# #...♣####
####.# . #)#######
####.###
#)###...###......###
#.)....P....####...#
######..P.P.# ###.#
#..>...# #.##
#.PP...# #...
#....P## ####
#.#.### #


You could see a manticore (clutched), a jelly and a kobold.

Vanquished Creatures
  Maggie (D:6)
  Prince Ribbit (D:6)
  Eustachio (D:6)
  Edmund (D:4)
  2 orc warriors
  2 ice beasts
  A black bear (D:7)
  A necrophage (D:7)
  2 ogres
  A centaur (D:4)
  A kobold brigand (D:7)
  4 bullfrogs
  2 scorpions
  A wyvern zombie (D:7)
  A wyvern skeleton (D:6)
  4 killer bees
  4 wights
  A centaur zombie (D:6)
  2 jellies (D:6)
  2 orc priests
  3 hounds
  A bullfrog skeleton (D:5)
  An iguana (D:6)
  Terence (D:2)
  A scorpion zombie (D:5)
  Natasha (thrice) (D:4)
  An orc wizard (D:7)
  A killer bee zombie (D:7)
  Robin (D:2)
  8 gnolls
  5 adders
  A howler monkey skeleton (D:7)
  An ufetubus (D:6)
  2 worms
  3 dart slugs
  9 orcs
  6 endoplasms
  4 giant cockroaches
  17 goblins
  11 hobgoblins
  5 jackals
  5 quokkas
  5 ball pythons
  8 bats
  2 frilled lizards
  7 kobolds
  6 rats
153 creatures vanquished.

Vanquished Creatures (collateral kills)
  A kobold (D:4)
1 creature vanquished.

Vanquished Creatures (others)
  13 plants
13 creatures vanquished.

Grand Total: 167 creatures vanquished

Notes
Turn   | Place    | Note
-------+----------+-------------------------------------------
     0 | D:1      | GordonOverkill the Felid Necromancer began the quest for
                  | the Orb.
     0 | D:1      | Reached XP level 1. HP: 7/7 MP: 4/4
   697 | D:1      | Reached XP level 2. HP: 5/12 MP: 0/6
   890 | D:1      | Found a faded altar of an unknown god.
  1956 | D:2      | Reached XP level 3. HP: 15/15 MP: 7/7
  2199 | D:2      | Reached skill level 1 in Unarmed Combat
  2573 | D:2      | Noticed Robin
  2826 | D:2      | Noticed Terence
  2866 | D:2      | Killed Terence
  2867 | D:2      | Reached skill level 1 in Fighting
  2867 | D:2      | Reached XP level 4. HP: 9/19 MP: 0/8
  2871 | D:2      | Learned a level 3 spell: Vampiric Draining
  3024 | D:2      | Killed Robin
  4732 | D:3      | Found an opulent altar of Gozag.
  4940 | D:3      | Found a sparkling altar of Nemelex Xobeh.
  5264 | D:3      | Got the Volume of Unholy Secrets
  5587 | D:3      | Gained mutation: You have hidden genetic defects. [potion
                  | of mutation]
  5587 | D:3      | Lost mutation: You have hidden genetic defects. [potion of
                  | mutation]
  5884 | D:4      | Noticed Natasha
  5893 | D:4      | Killed Natasha
  5894 | D:4      | Reached XP level 5. HP: 14/22 MP: 2/10
  6347 | D:4      | Noticed Natasha
  6367 | D:4      | Killed Natasha
  6694 | D:4      | Found a snail-covered altar of Cheibriados.
  6727 | D:4      | Slain by a bullfrog
  6728 | D:4      | Reached XP level 4. HP: -3/19 MP: 0/9
  6729 | D:4      | Killed a bullfrog
  6730 | D:4      | Reached XP level 5. HP: 21/22 MP: 8/10
  6781 | D:4      | Reached skill level 1 in Earth Magic
  6782 | D:4      | Noticed Edmund
  7357 | D:4      | Killed Edmund
  7358 | D:4      | Reached skill level 5 in Necromancy
  7358 | D:4      | Gained mutation: You are covered in thick fur. (AC +2)
                  | [Felid growth]
  7358 | D:4      | Reached XP level 6. HP: 18/26 MP: 4/12
  7497 | D:4      | Found a transporter.
  7503 | D:4      | Noticed Natasha
  7508 | D:4      | Killed Natasha
  7986 | D:4      | Found a transporter.
  8230 | D:4      | Found Oqecafaj's Elemental Accessories.
  8317 | D:4      | Learned a level 5 spell: Borgnjor's Vile Clutch
  8327 | D:5      | Entered Level 5 of the Dungeon
  8384 | D:5      | Found a bloodstained altar of Trog.
  8437 | D:5      | Found a shimmering altar of Xom.
  8713 | D:5      | Reached XP level 7. HP: 25/30 MP: 8/14
  9233 | D:5      | Found a shadowy altar of Dithmenos.
  9430 | D:5      | Reached skill level 6 in Necromancy
 10310 | D:6      | Found a large runed translucent door.
 10310 | D:6      | Found a large runed translucent door.
 10311 | D:6      | Noticed YoMomma's ghost (novice FoFi)
 10477 | D:6      | Noticed Prince Ribbit
 10478 | D:6      | Noticed Eustachio
 10497 | D:6      | HP: 1/30 [Prince Ribbit (4)]
 10955 | D:5      | Reached XP level 8. HP: 27/32 MP: 10/16
 11900 | D:6      | Killed Eustachio
 11901 | D:6      | Reached skill level 5 in Spellcasting
 11901 | D:6      | Reached skill level 7 in Necromancy
 12040 | D:6      | Found a glowing golden altar of the Shining One.
 12284 | D:6      | Killed Prince Ribbit
 12308 | D:6      | Reached skill level 5 in Earth Magic
 12469 | D:6      | Slain by a wyvern skeleton
 12470 | D:6      | Reached XP level 7. HP: 0/30 MP: 8/15
 12614 | D:6      | Reached skill level 8 in Necromancy
 12849 | D:6      | Found a glowing golden altar of the Shining One.
 12941 | D:6      | Reached XP level 8. HP: 29/34 MP: 1/16
 13159 | D:6      | Noticed Maggie
 13170 | D:6      | Killed Maggie
 14030 | D:7      | Found a hazy altar of Hepliaklqana.
 14624 | D:7      | Reached XP level 9. HP: 39/39 MP: 11/18
 14795 | D:7      | Found a staircase to the Ecumenical Temple.
 15128 | Temple   | Entered the Ecumenical Temple
 15367 | Temple   | Became a worshipper of Vehumet
 15407 | D:7      | Identified the +6 long sword of the Lusting Lamprey {speed,
                  | Str+4 SInv}
 15669 | D:7      | Noticed a manticore
 15689 | D:7      | HP: 2/58 [manticore (6)]
 15690 | D:7      | Slain by a manticore

Illustrated notes

Levels and vault maps discovered:
D:1:      psy_arrival_dodecagon, layout_basic, shapermc_ecumenical_altar_petra,
          chequers_hall_statues_wall_a, kennysheep_crisscross,
          serial_bayou_pond_d, minmay_misc_feat_rows
D:2:      layout_rooms, uniq_terence, uniq_robin
D:3:      minmay_evil_eye, layout_loops_ring, mainiacjoe_overflow_paths,
          nicolae_gozag_seed_capital, serial_bayou_pond_c,
          chequers_serial_rivers_micro_e, kennysheep_generic_room_5
D:4:      gammafunk_cloud_chamber, layout_basic, marbit_many_paths,
          nicolae_elemental_shop, serial_bayou_pond_b, uniq_natasha, uniq_edmund
D:5:      layout_basic, xom_teletrap_fun, grunt_dithmenos_smoke_and_mirrors,
          trog_book, chequers_serial_rivers_small_a
D:6:      layout_gridville, nicolae_tso_carved_into_rock,
          ebering_ghost_disaster_area, uniq_maggie, uniq_eustachio,
          uniq_prince_ribbit1
D:7:      layout_rooms, nicolae_hepliaklqana_hazy_memory,
          mainiacjoe_overflow_tiny_flanked, tgw_sif,
          minmay_temple_entry_overgrown, grunt_potential
Temple:   jpeg_temple_island

Skill      XL: |  1  2  3  4  5  6  7  8  9 |
---------------+----------------------------+-----
Stealth        | 3 4 |  4.0
Dodging        | 3 4 |  4.0
Unarmed Combat | 1 2 |  2.0
Fighting       | 1 2 3 4 |  4.0
Earth Magic    | 1 2 3 5 6 |  6.2
Spellcasting   | 3 4 5 6 |  6.2
Necromancy     | 5 8 7 |  8.9

Action                   |  1- 3 |  4- 6 |  7- 9 || total
-------------------------+-------+-------+-------++-------
Melee: Unarmed           |     1 |     1 |    71 ||    73
       Bite              |       |       |    10 ||    10
       Punch             |       |       |     1 ||     1
 Cast: Pain              |    83 |   198 |    97 ||   378
       Vampiric Draining |       |     8 |    26 ||    34
       Borgnjor's Vile C |       |       |    30 ||    30
  Use: Potion            |     2 |     8 |     6 ||    16
       Scroll            |       |     8 |     3 ||    11
 Stab: Sleeping          |     1 |       |     1 ||     2
Armor: Skin              |     3 |     2 |    31 ||    36
Dodge: Dodged            |    12 |    31 |   131 ||   174

Table legend: (Time is in decaauts)
 A = Elapsed time spent in this place.
 B = Non-inter-level travel time spent in this place.
 C = Inter-level travel time spent in this place.
 D = Time resting spent in this place.
 E = Time spent auto-exploring this place.
 F = Levels seen in this place.
 G = Mean time per level.
                   A        B        C        D        E       F      G
               +--------+--------+--------+--------+--------+-----+--------+
         Total |  14652 |  14035 |    617 |   9256 |   2743 |   8 | 1831.5 |
       Dungeon |  14390 |  13823 |    567 |   9256 |   2542 |   7 | 2055.7 |
        Temple |    262 |    213 |     49 |      0 |    201 |   1 |  262.0 |
               +--------+--------+--------+--------+--------+-----+--------+

Top non-repeatable levels by time:
     D:1: 2675 daAuts
     D:4: 2643 daAuts
     D:6: 2545 daAuts
     D:5: 2373 daAuts
     D:2: 1783 daAuts
     D:7: 1214 daAuts
     D:3: 1155 daAuts
  Temple: 262 daAuts
